 Dungeon Crawl Stone Soup version 0.32-a0-871-ge202e49faa (webtiles) character file.

Game seed: 7757928601402254365

17005 KennySheep the Reanimator (level 12, -3/95 HPs)
             Began as a Formicid Delver on Mar 29, 2024.
             Was a High Priest of Ashenzari.
             Killed by divine providence
             ... invoked by an orc priest
              (8 damage)
             ... on level 2 of the Orcish Mines on Mar 30, 2024.
             The game lasted 00:42:14 (14857 turns).

KennySheep the Reanimator (Formicid Delver)        Turns: 14857, Time: 00:42:15

Health: -3/95      AC: 10    Str: 21    XL:     12   Next: 77%
Magic:  23/23      EV: 11    Int: 17    God:    Ashenzari [*****.]
Gold:   1323       SH:  7    Dex: 15    Spells: 14/14 levels left

rFire   . . .        k - +2 quarterstaff of Panopticon {pain, Sorc, Self} (curse)
rCold   + . .        q - +0 buckler of Ashenzari's Repose {Fort, Range} (curse)
rNeg    . . .        l - +2 leather armour of Ouranomancy {rC+, Melee, Comp} (curse)
rPois   .            (helmet unavailable)
rElec   .            z - +0 cloak "Shackled Repose" {Cun, Range} (curse)
rCorr   .            C - +0 pair of gloves of Cremastomancy {Dev, Melee} (curse)
SInv    +            y - +0 pair of boots "Eternal Oracle" {Dev, Range} (curse)
Will    +....        (no amulet)
Stlth   ++++         b - ring "Seeker of Ashenzari" {Int+6, Fort, Melee} (curse)
HPRegen 0.35/turn    r - ring of Ashenzari's Prison {MP+9, Dev, Fort} (curse)
MPRegen 0.18/turn

%: clarity
@: no status effects
A: permanent stasis, dig shafts and tunnels, antennae 3, four strong arms
a: Dig, Shaft Self, Renounce Religion, Curse Item, Shatter the Chains


You were on level 2 of the Orcish Mines.
You worshipped Ashenzari.
Ashenzari was extremely pleased with you.
You visited 2 branches of the dungeon, and saw 14 of its levels.
You also visited: Ice Cave.

You collected 1323 gold pieces.

Inventory:

Hand Weapons
 a - a +1 short sword
 k - the cursed +2 quarterstaff of Panopticon (weapon) {pain, Sorc, Self}
   (You found it on level 5 of the Dungeon)

   It has a curse which improves the following skills: Sorcery: Conjurations and
   Alchemy.
   Introspection: Fighting and Spellcasting.
Missiles
 H - 2 throwing nets
Armour
 l - the cursed +2 leather armour of Ouranomancy (worn) {rC+, Melee, Comp}
   (You took it off Ijyb on level 2 of the Dungeon)

   It has a curse which improves the following skills: Melee Combat: Short
   Blades, Long Blades, Axes, Maces & Flails, Polearms, Staves and Unarmed
   Combat.
   Companions: Summonings and Necromancy.
 q - the cursed +0 buckler of Ashenzari's Repose (worn) {Fort, Range}
   (You found it on level 1 of the Dungeon)

   It has a curse which improves the following skills: Fortitude: Armour and
   Shields.
   Ranged Combat: Ranged Weapons and Throwing.
 y - the cursed +0 pair of boots "Eternal Oracle" (worn) {Dev, Range}
   (You found it on level 4 of the Dungeon)

   It has a curse which improves the following skills: Devices: Evocations and
   Shapeshifting.
   Ranged Combat: Ranged Weapons and Throwing.
 z - the cursed +0 cloak "Shackled Repose" (worn) {Cun, Range}
   (You found it on level 4 of the Dungeon)

   It has a curse which improves the following skills: Cunning: Dodging and
   Stealth.
   Ranged Combat: Ranged Weapons and Throwing.
 C - the cursed +0 pair of gloves of Cremastomancy (worn) {Dev, Melee}
   (You found it on level 5 of the Dungeon)

   It has a curse which improves the following skills: Devices: Evocations and
   Shapeshifting.
   Melee Combat: Short Blades, Long Blades, Axes, Maces & Flails, Polearms,
   Staves and Unarmed Combat.
Jewellery
 b - the cursed ring "Seeker of Ashenzari" (left hand) {Int+6, Fort, Melee}
   (You found it on level 2 of the Dungeon)

   [ring of intelligence]

   Int+6:     It affects your intelligence (+6).
   It has a curse which improves the following skills: Fortitude: Armour and
   Shields.
   Melee Combat: Short Blades, Long Blades, Axes, Maces & Flails, Polearms,
   Staves and Unarmed Combat.
 e - a ring of protection from fire
 r - the cursed ring of Ashenzari's Prison (right hand) {MP+9, Dev, Fort}
   (You found it on level 1 of the Dungeon)

   [ring of magical power]

   MP+9:      It affects your magic capacity (+9).
   It has a curse which improves the following skills: Devices: Evocations and
   Shapeshifting.
   Fortitude: Armour and Shields.
 F - a +6 ring of strength
 M - a +6 ring of dexterity
Talismans
 L - a granite talisman
Wands
 f - a wand of digging (4)
 h - a wand of paralysis (25)
 j - a wand of quicksilver (9)
 x - a wand of iceblast (19)
 B - a wand of polymorph (9)
Scrolls
 c - 3 scrolls of fog
 d - 3 scrolls of revelation
 g - a scroll of poison
 i - 2 scrolls of vulnerability
 n - 3 scrolls of blinking
 o - a scroll of summoning
 p - 2 scrolls of enchant weapon
 t - a scroll of enchant armour
 u - 4 scrolls of immolation
 v - a scroll of amnesia
 w - a scroll of silence
 I - a scroll of brand weapon
 J - a scroll of torment
Potions
 m - a potion of mutation
 A - 2 potions of attraction
 D - a potion of brilliance
 E - a potion of enlightenment
 K - a potion of lignification


   Skills:
 - Level 6.9(9.1) Fighting
 - Level 2.0(5.0) Short Blades
 - Level 9.5(13.7) Staves
 - Level 5.7(9.8) Armour
 - Level 1.7(3.3) Dodging
 - Level 6.2(8.4) Stealth
 - Level 8.8(13.0) Shields
 - Level 0.7(1.8) Spellcasting
 + Level 11.6(13.7) Necromancy
 * Level 8.4(12.6) Shapeshifting


You had 14 spell levels left.
You didn't know any spells.
Your spell library contained the following spells:

 Spells                   Type           Power      Damage    Failure   Level
 Sting                    Conj/Alch      8%         1d3       22%         1
 Dazzling Flash           Conj/Hex       4%         N/A       56%         3
 Tukima's Dance           Hex            1%         N/A       58%         3
 Volatile Blastmotes      Fire/Tloc      2%         2d10      58%         3
 Fulminant Prism          Conj/Alch      1%         3d5       92%         4
 Iskenderun's Mystic Bla Conj/Tloc 2%             2d3        (+2d1     93%         4
 Sticky Flame             Fire/Alch      2%         2d4       93%         4
 Passage of Golubria      Tloc           1%         N/A       94%         4
 Yara's Violent Unravell  Hex/Alch       1%         3d3       100%        5
 Starburst                Conj/Fire      1%         6d3       100%        6
 Maxwell's Capacitive Co  Air            0%         ∞         100%        8


Dungeon Overview and Level Annotations

Branches:
Dungeon (12/15)            Temple (0/1) D:6            Lair (0/5) D:10
    Orc (2/2) D:10            Elf (0/3) Orc:2         IceCv (visited)

Altars:
Ashenzari
Qazlal
Trog
Uskayaw
Beogh

Shops:
D:3 =   D:8 ::   Orc:2 =!?

Annotations:
D:5 1 runed translucent door, Crazy Yiuf
D:6 exclusion: 2 doors
D:11 1 runed translucent door
D:12 Josephine
Orc:1 1 runed translucent door, Jaeprux's ghost, journeyman MiFi
Orc:2 exclusion: 2 sensed monsters (detected)


Innate Abilities, Weirdness & Mutations

You cannot be hasted, slowed, berserked, paralysed or teleported.
You can dig through walls and to a lower floor.
You have a pair of large antennae on your head. (SInv)
Your four strong arms can wield two-handed weapons with a shield.


Message History

The orc knight dies!
You swap places.
Items here: )) [ †.
You swap places.
Items here: ))) [[[ ÷ †.
You swap places.
An orc warrior comes into view. It is wielding a +0 war axe.
Items here: ))) [ ÷.
Items here: ))) ÷÷÷.
What are your orders? t - Shout!
Orders for allies: a - Attack new target. r - Retreat! s - Stop attacking. g - Guard the area. f - Follow me.
Anything else - Cancel.
Gang up on whom?
Press: ? - help, Dir - move target, f - orc warrior
Aim: an orc warrior, wielding a +0 war axe, wearing a +0 chain mail and quivering boomerangs (ally target) Attack!
Your orc warrior hits the orc warrior with a +0 flail!
The orc warrior hits your orc wizard with a +0 war axe!
The orc warrior hits your orc warrior with a +0 war axe!
The orc priest looks encouraged for a moment.
Your orc wizard points at the orc warrior and mumbles some strange words.
The orc warrior resists with some effort.
The orc warrior hits your orc wizard with a +0 war axe.
The orc warrior hits your orc warrior with a +0 war axe!
The orc warrior barely misses your orc knight.
The orc priest invokes the aid of Beogh against you.
Beogh smites you!
* * * LOW HITPOINT WARNING * * *
Your orc wizard closely misses the orc warrior.
Your orc knight hits the orc warrior with a +0 great sword!!
Your orc warrior hits the orc warrior with a +0 flail!
The orc warrior dies!
You swap places.
Your orc warrior's mind is gnawed upon.
The orc priest mumbles some strange prayers to Beogh against you.
Beogh smites you!
You die...

#...## ##....# *## ## ###....##
*#.## .## ###.#....# *#∩.∩#* ..#
##.......##*#....,** * .##
##........#*#..#.#.,** * ..#
###.#.#....###.......,,** *
..###.........###)ho#.#.*,,,** *
...#.........###@OOo)....,,,,** *
...<........###o)#.#o..o.*,*,,***
...........###))##....#..,,**,,**
..........###..##*...##*.,,***,,*
.#.._....###..##*,..##{**,,,***,,
.........##..##*,,.##{{{**,,,***,
........[...##*,,,##,,,,,**,,,***
........[..##*,,,**,,*{*,,**,,,**
#.........##*,*,**{{*∩,∩*,,**,*,*


You could see an orc priest (ally target), a friendly orc knight (summoned), a
friendly two-headed ogre (summoned), a friendly warg (summoned), a friendly orc
warrior (summoned, strong), a friendly ogre (summoned), a friendly orc wizard
(summoned, strong) and a friendly orc (summoned, strong).

Vanquished Creatures
  Harold (Orc:1)
  2 two-headed ogres
  Urug (Orc:1)
  An orc sorcerer (Orc:2)
  A cyclops (D:11)
  2 kobold blastminers (Orc:2)
  Jeremiah (D:7)
  2 kobold demonologists (D:12)
  A hellwing (Orc:1)
  5 trolls
  2 hornets
  3 wraiths (D:11)
  A shadow (D:10)
  16 yaks
  2 wargs (D:10)
  A great orb of eyes simulacrum (IceCv)
  2 water moccasins (D:7)
  A black bear (D:4)
  25 orc warriors
  2 sky beasts (D:7)
  3 ice beasts
  5 ogres
  3 centaurs
  A slime creature simulacrum (IceCv)
  A phantom (D:5)
  2 kobold brigands
  3 bullfrogs
  2 glowing shapeshifter simulacra (IceCv)
  5 scorpions
  10 wights
  4 killer bees (D:8)
  A howler monkey (D:11)
  16 orc priests
  3 bombardier beetles
  3 hounds (D:5)
  A gnoll bouda (D:6)
  An iguana (D:5)
  Ijyb (D:2)
  9 orc wizards
  A sleepcap (D:7)
  A shapeshifter simulacrum (IceCv)
  8 adders
  4 gnolls (D:6)
  13 white imps
  An ufetubus (D:5)
  3 dart slugs
  4 ribbon worms
  62 orcs
  11 bats
  7 endoplasms
  11 giant cockroaches
  14 goblins
  9 hobgoblins
  7 jackals
  3 quokkas
  4 ball pythons
  10 frilled lizards
  7 kobolds
  8 rats
334 creatures vanquished.

Vanquished Creatures (collateral kills)
  An orc knight (Orc:2)
  An orc warrior (Orc:2)
  An ogre (D:5)
  A scorpion (D:5)
  An orc (Orc:2)
5 creatures vanquished.

Vanquished Creatures (others)
  An orc priest (Orc:2)
  An orc (Orc:2)
2 creatures vanquished.

Grand Total: 341 creatures vanquished

Notes
Turn   | Place    | Note
-------+----------+-------------------------------------------
     0 | D:5      | KennySheep the Formicid Delver began the quest for the Orb.
     0 | D:5      | Reached XP level 1. HP: 18/18 MP: 1/1
    60 | D:4      | Found a broken altar of Ashenzari.
    67 | D:4      | Became a worshipper of Ashenzari the Shackled
   100 | D:4      | Noticed an iguana
   158 | D:6      | Found a staircase to the Ecumenical Temple.
   414 | D:6      | Noticed a scorpion
   454 | D:5      | Noticed a scorpion
   466 | D:5      | Noticed a hound
   645 | D:3      | Reached XP level 2. HP: 13/25 MP: 2/2
   742 | D:3      | Reached skill level 1 in Staves
   826 | D:3      | Reached skill level 1 in Necromancy
  1010 | D:2      | Reached * piety under Ashenzari
  1065 | D:2      | Noticed Ijyb
  1083 | D:2      | Reached XP level 3. HP: 28/30 MP: 3/3
  1105 | D:2      | Killed Ijyb
  1106 | D:2      | Reached XP level 4. HP: 27/37 MP: 4/4
  1204 | D:2      | Reached skill level 2 in Necromancy
  1958 | D:1      | Reached XP level 5. HP: 40/42 MP: 6/6
  2240 | D:2      | Reached ** piety under Ashenzari
  2704 | D:3      | Found Ziycokel's Jewellery Shop.
  2714 | D:3      | Reached skill level 1 in Shields
  2853 | D:3      | Reached *** piety under Ashenzari
  3603 | D:4      | Reached skill level 3 in Necromancy
  3603 | D:4      | Reached XP level 6. HP: 45/50 MP: 8/8
  3931 | D:5      | Noticed a black bear
  3949 | D:4      | Killed a black bear
  3968 | D:5      | Noticed an ogre
  3983 | D:5      | Killed an ogre
  3984 | D:5      | Reached skill level 4 in Necromancy
  3984 | D:5      | Reached XP level 7. HP: 25/55 MP: 9/9
  4233 | D:5      | Reached skill level 5 in Staves
  4233 | D:5      | Reached XP level 8. HP: 54/61 MP: 10/10
  4358 | D:5      | Reached skill level 5 in Necromancy
  4856 | D:5      | Found a runed translucent door.
  4857 | D:5      | Noticed Crazy Yiuf
  5190 | D:6      | Reached **** piety under Ashenzari
  5344 | D:6      | Noticed a yak
  5579 | D:7      | Reached skill level 5 in Shields
  5579 | D:7      | Reached skill level 6 in Necromancy
  5603 | D:7      | Reached XP level 9. HP: 59/68 MP: 11/11
  5948 | D:7      | Reached skill level 1 in Armour
  6063 | D:7      | Noticed Jeremiah
  6416 | D:7      | Killed Jeremiah
  6417 | D:7      | Reached skill level 7 in Necromancy
  6427 | D:7      | Identified the cursed +0 pair of boots "Eternal Oracle"
                  | {Dev, Range} (You found it on level 4 of the Dungeon)
  6427 | D:7      | Identified the cursed +2 leather armour of Ouranomancy
                  | {rC+, Melee, Comp} (You took it off Ijyb on level 2 of the
                  | Dungeon)
  6947 | D:8      | Reached ***** piety under Ashenzari
  7031 | D:8      | Reached XP level 10. HP: 77/77 MP: 12/12
  7031 | D:8      | Found the +11 Singing Sword {sonic wave}
  7196 | D:8      | Reached skill level 5 in Fighting
  7290 | D:8      | Reached skill level 8 in Necromancy
  7624 | D:8      | Found Piocs's Book Boutique.
  7657 | D:8      | Found Efai's Book Emporium.
  7889 | D:8      | Identified Sif Muna's Reference Book on Transformation
  8721 | D:9      | Reached skill level 9 in Necromancy
  8721 | D:9      | Reached XP level 11. HP: 50/86 MP: 13/13
  9120 | D:9      | Reached skill level 5 in Armour
  9164 | D:10     | Entered Level 10 of the Dungeon
  9491 | D:10     | Found a staircase to the Lair.
  9517 | D:10     | Found a bloodstained altar of Trog.
  9848 | D:10     | Found a staircase to the Orcish Mines.
 10150 | D:10     | Reached skill level 10 in Necromancy
 10201 | D:10     | Found a stormy altar of Qazlal.
 10643 | D:11     | Noticed a cyclops
 10648 | D:11     | Reached skill level 1 in Shapeshifting
 10658 | D:11     | Killed a cyclops
 10952 | D:11     | Noticed a two-headed ogre
 10961 | D:11     | Killed a two-headed ogre
 11355 | D:11     | Found a runed translucent door.
 11571 | D:11     | Found a hide-covered altar of Uskayaw.
 11571 | D:11     | Noticed a +6 demon blade of pain
 11571 | D:11     | Noticed a +2 demon whip of pain
 11571 | D:11     | Noticed a +2 vampiric demon trident
 11622 | D:12     | Noticed a soul eater
 11626 | D:12     | Noticed Josephine
 11709 | Orc:1    | Entered Level 1 of the Orcish Mines
 11879 | Orc:1    | Identified the cursed +0 pair of gloves of Cremastomancy
                  | {Dev, Melee} (You found it on level 5 of the Dungeon)
 12107 | Orc:2    | Entered Level 2 of the Orcish Mines
 12107 | Orc:2    | Found a staircase to the Elven Halls.
 12148 | Orc:2    | Reached XP level 12. HP: 69/95 MP: 14/14
 12157 | Orc:2    | HP: 1/95 [kobold blastminer/iron shot (19)]
 12166 | Orc:2    | Reached skill level 5 in Shapeshifting
 12339 | Orc:2    | Found a frozen archway.
 12392 | IceCv    | Entered an ice cave
 13157 | Orc:2    | Found Wiunuot's Jewellery Emporium.
 13165 | Orc:2    | Found a roughly hewn altar of Beogh.
 13311 | Orc:1    | Found a runed translucent door.
 13372 | Orc:1    | Noticed a two-headed ogre
 13382 | Orc:1    | Killed a two-headed ogre
 13383 | Orc:1    | Reached skill level 11 in Necromancy
 13385 | Orc:1    | Noticed Harold
 13405 | Orc:1    | Killed Harold
 13600 | Orc:1    | Noticed Urug
 13714 | Orc:1    | Killed Urug
 14016 | Orc:1    | Noticed Jaeprux's ghost (journeyman MiFi)
 14365 | Orc:2    | Found Iqyf's Distillery.
 14398 | Orc:2    | Found Qacsyuve's Magic Scroll Boutique.
 14857 | Orc:2    | Killed from afar by an orc priest

Illustrated notes

Levels and vault maps discovered:
D:1:      saegor_arrival_simple_b, layout_rooms, serial_corexii_hall,
          chequers_hall_statues_wall_a, corexii_hall_statues_s,
          minmay_misc_feat_plants
D:2:      kennysheep_the_goblin_king, layout_loops_corners,
          columned_hall_lemuel, dreamdust_mushroom_princess
D:3:      minmay_diamond_boxcup, layout_basic, serial_shops, shop
D:4:      layout_gridville, cheibrodos_ashenzari_chains, hex_large
D:5:      layout_cave_pools, portal_sewer_entry_b, dk_noncrumbling_4,
          minmay_fractal_squares_diagonal_5, uniq_crazy_yiuf_cottage
D:6:      layout_layer_cave, minmay_temple_entry_glassed_door,
          kennysheep_small_square
D:7:      layout_loops_corners, uniq_jeremiah
D:8:      old_forge, layout_loops_ring, serial_shops,
          nicolae_shop_tiny_real_fake_doors, nicolae_shop_peninsula,
          kennysheep_nub, grunt_ministairs_1
D:9:      layout_irregular_city
D:10:     layout_irregular_city, mainiacjoe_overflow_swirl, lair_entry_dummy,
          david_orc_1_choice
D:11:     layout_stronghold, nicolae_danse_macabre
D:12:     layout_loops_cross, serial_undead, serial_undead_e, serial_undead_a,
          serial_undead_c, serial_undead_c, serial_undead_c, serial_undead_e,
          minmay_misc_feat_four_crosses, uniq_josephine, uniq_nergalle,
          uniq_frances
Orc:1:    layout_caves, hellmonk_ghost_happy_afterlife, uniq_harold, uniq_urug
Orc:2:    pf_orc_diabolical, layout_caves, serial_shops, shop,
          portal_ice_cave_entry_imps, basic_altar

Skill      XL: |  1  2  3  4  5  6  7  8  9 10 11 12 |
---------------+-------------------------------------+-----
Staves         | 1 2 3 4 5 6 7 8 9 |  9.5
Necromancy     | 1 2 3 4 6 7 9 10 11 | 11.6
Shields        | 1 2 3 5 6 7 8 |  8.8
Armour         | 2 4 5 |  5.7
Fighting       | 4 6 |  6.9
Shapeshifting  | 4 8 |  8.4
Short Blades   | |  2.0
Dodging        | |  1.7
Stealth        | |  6.2
Spellcasting   | |  0.7

Action                     |  1- 3 |  4- 6 |  7- 9 | 10-12 || total
---------------------------+-------+-------+-------+-------++-------
  Melee: Quarterstaff      |    48 |   159 |   185 |   613 ||  1005
         Short sword       |     9 |       |       |       ||     9
 Invoke: Curse Item        |     2 |     4 |     2 |     1 ||     9
         Shatter the Chain |       |     1 |       |       ||     1
Ability: Dig               |       |       |       |     1 ||     1
  Evoke: Wand              |       |       |       |     5 ||     5
    Use: Scroll            |     4 |       |     2 |     3 ||     9
         Potion            |     1 |       |     1 |     6 ||     8
   Stab: Sleeping          |     1 |    19 |     8 |    10 ||    38
         Distracted        |       |     1 |       |     1 ||     2
         Invisible         |       |       |       |     1 ||     1
         Paralysed         |       |       |       |     1 ||     1
 Armour: Leather armour    |    48 |    87 |    93 |   281 ||   509
         Skin              |       |       |     5 |     4 ||     9
  Dodge: Dodged            |    26 |    85 |    69 |   221 ||   401
  Block: Buckler           |       |    25 |    34 |   172 ||   231
         Form:             |       |       |       |     3 ||     3
         Statue            |       |       |       |     3 ||     3

Table legend: (Time is in decaauts)
 A = Elapsed time spent in this place.
 B = Non-inter-level travel time spent in this place.
 C = Inter-level travel time spent in this place.
 D = Time resting spent in this place.
 E = Time spent auto-exploring this place.
 F = Levels seen in this place.
 G = Mean time per level.
                   A        B        C        D        E       F      G
               +--------+--------+--------+--------+--------+-----+--------+
         Total |  14687 |  14302 |    385 |   2565 |   8736 |  15 |  979.1 |
       Dungeon |  11628 |  11249 |    379 |    897 |   7909 |  12 |  969.0 |
  Orcish Mines |   2557 |   2552 |      5 |   1232 |    827 |   2 | 1278.5 |
      Ice Cave |    501 |    501 |      0 |    436 |      0 |   1 |  501.0 |
               +--------+--------+--------+--------+--------+-----+--------+

Top non-repeatable levels by time:
     D:7: 1803 daAuts
   Orc:1: 1619 daAuts
    D:10: 1304 daAuts
    D:11: 1165 daAuts
     D:3: 1160 daAuts
     D:8: 1096 daAuts
     D:2: 1058 daAuts
     D:5: 1035 daAuts
   Orc:2: 937 daAuts
     D:9: 897 daAuts
     D:4: 843 daAuts
     D:6: 676 daAuts
     D:1: 567 daAuts
   IceCv: 501 daAuts
    D:12: 20 daAuts
